 Dungeon Crawl Stone Soup version 0.16-a0-783-gf476f6a (webtiles) character file.

190 Ratboiler the Poker (level 5, 0/34 HPs)
             Began as an Octopode Skald on Sept 26, 2014.
             Killed from afar by an orc wizard (9 damage)
             ... with a magic dart
             ... on Level 4 of the Dungeon.
             The game lasted 00:08:22 (2541 turns).

Ratboiler the Poker (Octopode Skald)                Turns: 2541, Time: 00:08:22

HP   0/34        AC  1     Str 11      XL: 5   Next: 69%
MP   7/9         EV 12     Int 14      God:
Gold 121         SH  0     Dex 13      Spells:  3 memorised,  2 levels left

rFire  . . .     SeeInvis .     a - +0 spear
rCold  . . .     Clarity  .     (no shield)
rNeg   . . .     rCorr    .     (helmet restricted)
rPois  .         rRot     .     (no amulet)
rElec  .         Spirit   .     q - ring of wizardry
SustAb .         Warding  .     (no ring)
rMut   .         Stasis   .     (no ring)
Gourm  .                        (no ring)
MR     .....                    (no ring)
                                (no ring)
                                (no ring)
                                (no ring)

@: drained, not resistant to hostile enchantments, unstealthy
A: almost no armour, amphibious, 8 rings, constrict 8, camouflage 1, gelatinous
body 1
a: no special abilities


You were on level 4 of the Dungeon.
You were hungry.

You visited 1 branch of the dungeon, and saw 4 of its levels.

You collected 121 gold pieces.

Inventory:

Hand weapons
 a - a +0 spear (weapon)
Armour
 r - a +0 shield
Comestibles
 d - 3 bread rations
 f - a royal jelly
 g - 2 beef jerkies
Scrolls
 h - 3 scrolls of remove curse {unknown}
 i - 2 scrolls of amnesia {unknown}
 j - 2 scrolls of teleportation {unknown}
 l - a scroll of fog {unknown}
 n - 2 scrolls of enchant armour {unknown}
 s - 2 scrolls of identify {unknown}
Jewellery
 q - a ring of wizardry (left tentacle)
Potions
 b - 2 potions of curing {unknown}
 e - a potion of brilliance {unknown}
 k - 2 potions of heal wounds {unknown}
 m - a potion of confusion {unknown}
 o - a potion of restore abilities {unknown}
 p - a potion of agility {unknown}
Books
 c - a book of Battle

   Spells                             Type                      Level
   *Infusion                          Charms                       1
   *Shroud of Golubria                Charms/Translocation         2
   Song of Slaying                    Charms                       2
   *Spectral Weapon                   Hexes/Charms                 3
   Regeneration                       Charms/Necromancy            3


   Skills:
 - Level 2.0(1.8) Fighting
 + Level 5.5(5.3) Polearms
 - Level 1.5(1.3) Dodging
 - Level 2.0(1.8) Spellcasting
 - Level 1.0(0.8) Hexes
 - Level 3.0(2.8) Charms


You had 2 spell levels left.
You knew the following spells:

 Your Spells              Type           Power        Failure   Level  Hunger
a - Infusion              Chrm           #.....       4%          1    ##.....
b - Shroud of Golubria    Chrm/Tloc      #.........   10%         2    ###....
c - Spectral Weapon       Hex/Chrm       #.......     16%         3    ####...


Dungeon Overview and Level Annotations

Branches:
Dungeon (4/15)
 Temple: D:4-7

Altars:
Fedhas


Innate Abilities, Weirdness & Mutations

You cannot wear most types of armour.
You are amphibious.
You can wear up to eight rings at the same time.
You can use your tentacles to constrict many enemies at once.
Your skin changes colour to match your surroundings (Stealth).
Your rubbery body absorbs attacks (AC +1).


Message History

Unknown command.
The orc wizard gestures at you while chanting.
The magic dart hits you!
Casting: Spectral Weapon
Confirm with . or Enter, or press ? or * to list all spells.
You draw out your weapon's spirit!
You open the door.
The orc wizard points at you and mumbles some strange words.
The magic dart hits you!
* * * LOW HITPOINT WARNING * * *
There is an open door here.
Unknown command.
The orc wizard gestures wildly while chanting.
The orc wizard blinks!
All of the chunks of flesh in your inventory have rotted away.
Drink which item? (? for menu, Esc to quit)
Okay, then.
The orc wizard gestures at you while chanting.
The magic dart hits you!
You die...

......##
#..'...o...##...## #
....o.
#..#..##.........# #
......#
#..#..##.........# #
....?.+
+..#.......##...## #
.....##
#o.#.......###'### #
..+ #..#'###...##....#
#
#+###......#.O.##...<#
#
#.......(..#....#....#
#
#.......@..+..!.#....#
#
#......[...#(...'....#
#
#..........#...##...##
# #+####....#...##...#
# #....#'####.... #
#.......<.#.... #
'.....)...+ . #
#.........# #
#.....%....... #


You could see an orc wizard and a friendly spectral spear.

Vanquished Creatures
  A worker ant (D:4)
  8 adders
  A gnoll (D:4)
  A giant mite (D:3)
  A worm (D:3)
  2 giant geckos (D:2)
  2 orcs (D:4)
  10 bats
  8 giant cockroaches
  7 goblins
  10 hobgoblins
  2 kobolds
  2 giant newts
  2 jackals (D:1)
  A quokka (D:2)
  9 rats
67 creatures vanquished.

Vanquished Creatures (others)
  3 spectral weapons
3 creatures vanquished.

Grand Total: 70 creatures vanquished

Notes
Turn   | Place    | Note
--------------------------------------------------------------
     0 | D:1      | Ratboiler, the Octopode Skald, began the quest for the Orb.
     0 | D:1      | Reached XP level 1. HP: 14/14 MP: 3/3
    91 | D:1      | Reached XP level 2. HP: 16/19 MP: 2/4
    95 | D:1      | Learned a level 2 spell: Shroud of Golubria
   336 | D:1      | Reached XP level 3. HP: 16/24 MP: 6/6
   439 | D:1      | Learned a level 3 spell: Spectral Weapon
   757 | D:2      | Reached skill level 1 in Hexes
   816 | D:2      | Reached skill level 4 in Polearms
   816 | D:2      | Reached XP level 4. HP: 25/29 MP: 3/7
  1429 | D:3      | Reached XP level 5. HP: 28/34 MP: 3/9
  1583 | D:3      | Reached skill level 5 in Polearms
  2146 | D:4      | Noticed an ogre
  2293 | D:4      | Found a blossoming altar of Fedhas.
  2541 | D:4      | Killed from afar by an orc wizard

Action                   |  1- 3 |  4- 6 || total
-------------------------+-------+-------++-------
Melee: Spear             |    80 |   108 ||   188
 Cast: Infusion          |     7 |     4 ||    11
       Spectral Weapon   |       |     8 ||     8
 Stab: Sleeping          |     3 |     5 ||     8
  Eat: Chunk             |       |     6 ||     6
